 Dungeon Crawl Stone Soup version 0.29.1-1-gd02db6906a (webtiles) character file.

Game seed: 1492783299964702584

7 MatsuoBasho the Vexing (level 2, -5/25 HPs)
             Began as a Naga Arcane Marksman on Oct 13, 2022.
             Slain by an iguana (12 damage)
             ... on level 4 of the Dungeon.
             The game lasted 00:02:51 (328 turns).

MatsuoBasho the Vexing (Naga Arcane Marksman)        Turns: 328, Time: 00:02:55

Health: -5/25      AC:  1    Str: 12    XL:     2   Next: 4%
Magic:  2/3        EV: 10    Int: 13    God:
Gold:   12         SH:  0    Dex: 11    Spells: 2/3 levels left

rFire   . . .      SeeInvis +   a - +1 sling
rCold   . . .      Faith    .   (no shield)
rNeg    . . .      Spirit   .   c - +0 robe
rPois   +          Reflect  .   (no helmet)
rElec   .          Harm     .   (no cloak)
rCorr   .          Rampage  .   (no gloves)
Will    .....                   (no barding)
Stlth   +.........              d - amulet of the acrobat
HPRegen 0.08/turn               (no ring)
MPRegen 0.08/turn               (no ring)

@: short of breath, very slightly contaminated, very slow
A: AC +0, large, see invisible, deformed body, poison resistance, slowness 2,
spit poison 1, naga tail 1
a: Spit Poison


You were on level 4 of the Dungeon.
You visited 1 branch of the dungeon, and saw 4 of its levels.

You collected 12 gold pieces.

Inventory:

Hand Weapons
 a - a +1 sling (weapon)
Armour
 c - a +0 robe (worn)
Jewellery
 d - an amulet of the acrobat (around neck)
Scrolls
 b - a scroll of poison
 f - a scroll of amnesia


   Skills:
 * Level 1.0 Fighting
 * Level 1.8 Ranged Weapons
 * Level 1.7 Dodging
 * Level 0.2 Stealth
 * Level 1.0 Spellcasting
 * Level 3.2 Hexes


You had 2 spell levels left.
You knew the following spells:

 Your Spells              Type           Power      Damage    Failure   Level
a - Slow                  Hex            36%        N/A       8%          1

Your spell library contained the following spells:

 Spells                   Type           Power      Damage    Failure   Level
 Inner Flame              Hex/Fire       4%         N/A       41%         3
 Portal Projectile        Hex/Tloc       8%         N/A       41%         3
 Cause Fear               Hex            4%         N/A       58%         4


Dungeon Overview and Level Annotations

Branches:
Dungeon (4/15)
 Temple: D:4-7

Altars:


Innate Abilities, Weirdness & Mutations

Your serpentine skin is tough. (AC +0)
You have supernaturally acute eyesight. (SInv)
Armour fits poorly on your strangely shaped body.
Your system is resistant to poisons. (rPois)
You cover ground very slowly.
You can spit poison.
You have a snake-like lower body.


Message History

Fire: a) +1 sling
Press: ? - help, Q - select action, (/) - cycle Shift-Dir - straight line, f/p - iguana
Aim: an iguana (moderately wounded, 56% to hit)
You shoot a sling bullet.
The sling bullet completely misses the iguana.
Fire: a) +1 sling
Press: ? - help, Q - select action, (/) - cycle Shift-Dir - straight line, f/p - iguana
Aim: an iguana (moderately wounded, 56% to hit)
You shoot a sling bullet.
The sling bullet closely misses the iguana.
Aiming: Spit Poison (2% risk of failure)
Press: ? - help, Shift-Dir - straight line, f/p - iguana
Aim: an iguana (moderately wounded, 65% to hit)
The splash of poison misses the iguana.
Fire: a) +1 sling
Press: ? - help, Q - select action, (/) - cycle Shift-Dir - straight line, f/p - iguana
Aim: an iguana (moderately wounded, 56% to hit)
You shoot a sling bullet.
The sling bullet barely misses the iguana.
The iguana bites you!
Okay, then.
Casting: Slow (safe; 8% risk of failure)
Confirm with . or Enter, or press ? or * to list all spells.
Aiming: Slow (safe; 8% risk of failure)
Press: ? - help, Shift-Dir - straight line, f/p - iguana
Aim: an iguana (moderately wounded, chance to affect: 55%)
You miscast Slow.
You are very lightly contaminated with residual magic.
Nothing appears to happen.
The iguana bites you!
* * * LOW HITPOINT WARNING * * *
You aren't carrying any potions.
You have got your breath back.
The iguana completely misses you.
Aiming: Spit Poison (2% risk of failure)
Press: ? - help, Shift-Dir - straight line, f/p - iguana
Aim: an iguana (moderately wounded, 65% to hit)
The splash of poison hits the iguana.
The iguana is poisoned.
The iguana is moderately wounded.
The iguana bites you!
You die...

... .. #..
##### #...
#..##...# .#...
#.......# .....
#....... ......
#......##......
#..............
#....@l<.......
#..............
##$............
#.#..........(
####..........
...........
............
.............


You could see an iguana (poisoned).

Vanquished Creatures
  A dart slug (D:1)
  A giant cockroach (D:3)
  A goblin (D:3)
  A quokka (D:3)
  A frilled lizard (D:1)
5 creatures vanquished.

Notes
Turn   | Place    | Note
-------+----------+-------------------------------------------
     0 | D:1      | MatsuoBasho the Naga Arcane Marksman began the quest for
                  | the Orb.
     0 | D:1      | Reached XP level 1. HP: 18/18 MP: 2/2
   313 | D:3      | Reached XP level 2. HP: 25/25 MP: 3/3
   328 | D:4      | Slain by an iguana

Illustrated notes

Levels and vault maps discovered:
D:1:      lightli_arrival_chessboard, layout_loops_ring, serial_shops, shop,
          nicolae_square_shop, nicolae_shop_bloodbath_and_beyond,
          nicolae_shop_stone, hex_medium
D:2:      layout_loops_ring
D:3:      layout_basic, basic_ecumenical_altar, uniq_ijyb, uniq_jessica
D:4:      layout_cave_pools, minmay_goblin_outpost

Action                   || total
-------------------------++-------
 Fire: Sling             ||    10
 Cast: Slow              ||     4
 Abil: Spit Poison       ||    10
  Use: Scroll            ||     1
Armor: Robe              ||     2
Dodge: Dodged            ||    27
